 Dungeon Crawl Stone Soup version 0.22.1-6-g1668fe2c40 (webtiles) character file.

59 Descartes the Grasshopper (level 4, -1/23 HPs)
             Began as a Vine Stalker Warper on Jan 17, 2019.
             Slain by Crazy Yiuf
             ... wielding a +3 quarterstaff of chaos
              (9 damage)
             ... on level 2 of the Dungeon.
             The game lasted 00:05:32 (2211 turns).

Descartes the Grasshopper (Vine Stalker Warper)     Turns: 2211, Time: 00:05:32

Health: -1/23      AC:  3    Str: 14    XL:     4   Next: 3%
Magic:  0/9        EV: 12    Int: 14    God:
Gold:   101        SH:  0    Dex: 13    Spells: 6/8 levels left

rFire    . . .     SeeInvis .     - Unarmed
rCold    . . .     Gourm    .   (no shield)
rNeg     . . .     Faith    .   a - +0 leather armour
rPois    .         Spirit   +   (no helmet)
rElec    .         Reflect  .   (no cloak)
rCorr    .         Harm     .   (no gloves)
MR       .....                  (no boots)
Stlth    +.........             (no amulet)
HPRegen  0.47/turn              (no ring)
MPRegen  0.11/turn              (no ring)

@: no status effects
A: fangs 2, regeneration 1, magic shield, antimagic bite, no potion heal 3, rot
immunity
a: no special abilities


You were on level 2 of the Dungeon.
You were not hungry.

You visited 1 branch of the dungeon, and saw 2 of its levels.

You collected 101 gold pieces.

Inventory:

Hand Weapons
 b - a +0 hunting sling
Missiles
 d - 5 tomahawks of dispersal (quivered)
 e - 63 stones
 l - 18 arrows
Armour
 a - a +0 leather armour (worn)
Jewellery
 k - an uncursed ring of stealth {unknown}
Scrolls
 c - 2 scrolls of blinking
 g - a scroll of identify
 h - 3 scrolls of teleportation {unknown}
 i - 2 scrolls of enchant armour {unknown}
 m - a scroll of magic mapping {unknown}
Potions
 j - a potion of might {unknown}
 o - a potion of resistance {unknown}
 p - a potion of heal wounds {unknown}
Comestibles
 f - 3 rations


   Skills:
 - Level 1.7 Fighting
 - Level 0.8 Throwing
 - Level 0.7 Armour
 + Level 2.2 Dodging
 + Level 2.7 Unarmed Combat
 + Level 2.8 Spellcasting
 + Level 3.3 Translocations


You had 6 spell levels left.
You knew the following spells:

 Your Spells              Type           Power        Failure   Level  Hunger
a - Blink                 Tloc           N/A          11%         2    ##.....

Your spell library contained the following spells:

 Spells                   Type           Power        Failure   Level  Hunger
 Gell's Gravitas          Tloc           ##........   21%         3    ###....
 Lesser Beckoning         Tloc           ##........   21%         3    ###....
 Teleport Other           Tloc           ##......     21%         3    ###....
 Shroud of Golubria       Chrm/Tloc      #.........   22%         2    ##.....
 Passage of Golubria      Tloc           N/A          56%         4    #####..


Dungeon Overview and Level Annotations

Branches:
Dungeon (2/15)

Altars:
Ashenzari
Nemelex Xobeh

Annotations:
D:2 Crazy Yiuf


Innate Abilities, Weirdness & Mutations

You have extremely sharp teeth.
Your natural rate of healing is unusually fast.
When hurt, damage is shared between your health and your magic reserves.
Your bite disrupts and absorbs the magic of your enemies.
Potions cannot restore your health.
You are immune to rotting.


Message History

Crazy Yiuf barely misses you.
You punch Crazy Yiuf!
Crazy Yiuf is moderately wounded.
Crazy Yiuf hits you but does no damage.
You completely miss Crazy Yiuf.
Crazy Yiuf is moderately wounded.
Crazy Yiuf hits you with a quarterstaff of chaos!
You are confused.
Crazy Yiuf hits you with a quarterstaff of chaos.
Crazy Yiuf burns you.
You bump into the stone wall.
Crazy Yiuf cries, "You leg down broken song, no?"
Crazy Yiuf barely misses you.
You feel less confused. Crazy Yiuf misses you.
You hit Crazy Yiuf. You bite Crazy Yiuf, but do no damage.
Crazy Yiuf is heavily wounded.
Crazy Yiuf hits you with a quarterstaff of chaos!
You are electrocuted!
You die...

#........................#
#.......................##
#......################.#
###....# #.# #....# #.##
#....# ##### ####..#
#....# #)..### ##.#...#
#....# #.g.'.####......#
###### #..@##..#......##
########.#..#.## ########


You could see Crazy Yiuf.

Vanquished Creatures
  An adder (D:2)
  3 dart slugs (D:1)
  2 leopard geckos (D:2)
  6 bats
  5 goblins
  3 hobgoblins
  5 jackals (D:2)
  A quokka (D:2)
  A ball python (D:2)
  8 kobolds
  4 rats
39 creatures vanquished.

Notes
Turn   | Place    | Note
-------+----------+-------------------------------------------
     0 | D:1      | Descartes the Vine Stalker Warper began the quest for the
                  | Orb.
     0 | D:1      | Reached XP level 1. HP: 11/11 MP: 4/4
   289 | D:1      | Reached XP level 2. HP: 15/15 MP: 6/6
   296 | D:1      | Learned a level 2 spell: Blink
   305 | D:1      | Found a shattered altar of Ashenzari.
  1036 | D:2      | Reached XP level 3. HP: 13/18 MP: 5/7
  1947 | D:2      | Gained mutation: Your natural rate of healing is unusually
                  | fast. [Vine Stalker growth]
  1947 | D:2      | Reached XP level 4. HP: 22/23 MP: 9/9
  1990 | D:2      | Found a sparkling altar of Nemelex Xobeh.
  2129 | D:2      | Found a runed door.
  2201 | D:2      | Noticed Crazy Yiuf
  2211 | D:2      | Slain by Crazy Yiuf

Skill      XL: |  1  2 |
---------------+-------+-----
Dodging        | 2 |  2.2
Fighting       | |  1.7
Throwing       | |  0.8
Armour         | |  0.7
Unarmed Combat | |  2.7
Spellcasting   | |  2.8
Translocations | |  3.3

Action                   |  1- 3 |  4- 6 || total
-------------------------+-------+-------++-------
Melee: Unarmed           |   151 |     7 ||   158
       Bite              |    27 |     3 ||    30
       Punch             |     3 |     1 ||     4
  Use: Scroll            |     1 |       ||     1
       Potion            |     1 |       ||     1
  Eat: Chunk             |     3 |     1 ||     4
Armor: Leather armour    |    55 |       ||    55
Dodge: Dodged            |   115 |     4 ||   119
